Map: Kairos Junction LE

Players

Rockfish - Winner!

  • Race: Terran Terran
  • League: Platinum
  • Spawn Location: 5:00

MechaCaulk

  • Race: Zerg Zerg
  • League: Platinum
  • Spawn Location: 11:00

VOD

Have the link to the VOD?

Description

Time

  • Played on: April 7, 2019, 1:58 a.m.
  • Length: 21:07
Show
View Real Time Build Order
Export as new Build Order

Rockfish Terran - Winner!

Build Orders: Mech 

Get SALT Encoding   

  12  0:00  SCV  
  13  0:12  SCV  
  14  0:18  Supply Depot  
  14  0:25  SCV  
  15  0:39  SCV  
  16  0:43  Barracks  
  16  0:51  SCV  
  16  0:52  Refinery  
  17  1:04  SCV  
  18  1:16  SCV  
  19  1:31  Refinery  
  19  1:33  Supply Depot  
  19  1:34  Orbital Command  
  19  1:35  Marine  
  20  1:55  Factory  
  20  2:01  Marine  
  20  2:05  SCV  
  22  2:18  SCV  
  23  2:25  Command Center  
  23  2:30  SCV  
  24  2:40  Barracks Reactor  
  24  2:42  SCV  
  25  2:49  Hellion  
  25  2:50  Bunker  
  27  2:54  SCV  
  27  2:58  Starport  
  28  3:06  SCV  
  29  3:16  Supply Depot  
  29  3:18  SCV  
  30  3:30  SCV  
  31  3:36  Supply Depot  
  31  3:37  Supply Depot  
  31  3:42  SCV  
  31  3:43  Orbital Command  
  32  3:54  Viking  
  34  3:59  SCV  
  35  4:11  SCV, Hellion x2  
  35  4:13  SCV  
  41  4:23  SCV  
  42  4:26  Factory  
  42  4:32  SCV  
  42  4:38  SCV  
  44  4:42  Hellion x2  
  48  4:50  SCV  
  49  5:02  SCV x2  
  51  5:07  Hellion x2  
  51  5:08  Supply Depot  
  51  5:10  Medivac  
  57  5:14  SCV  
  57  5:15  Factory Tech Lab  
  58  5:21  Engineering Bay, Armory  
  58  5:22  SCV, Supply Depot  
  58  5:28  SCV, Factory  
  54  5:37  SCV  
  54  5:42  Hellion x2  
  59  5:43  Infernal Pre-Igniter  
  59  5:49  SCV x2, Refinery  
  61  5:50  Refinery  
  61  5:56  Supply Depot  
  61  5:57  Siege Tank  
  61  6:04  SCV x2  
  66  6:09  Hellion x2  
  59  6:28  SCV  
  59  6:30  Hellion x2  
  59  6:31  Hellion  
  66  6:34  Terran Vehicle Weapons Level 1  
  66  6:39  Armory  
  66  6:40  Supply Depot, Factory Tech Lab  
  66  6:51  Siege Tank  
  66  6:52  Hellion x2  
  73  7:03  Siege Tank  
  73  7:08  SCV x2  
  78  7:13  Supply Depot, Widow Mine x2  
  82  7:20  SCV  
  83  7:23  SCV  
  83  7:29  Command Center  
  72  7:48  Hellion x2  
  76  8:02  Widow Mine  
  76  8:05  SCV  
  79  8:08  Factory  
  79  8:17  Hellion x2  
  83  8:24  Missile Turret  
  83  8:26  Missile Turret, Refinery  
  83  8:27  Missile Turret  
  83  8:29  Missile Turret  
  83  8:30  SCV x2  
  85  8:42  SCV  
  90  8:55  Hellion  
  90  8:56  Hellion  
  90  8:57  Widow Mine, Siege Tank  
  90  9:01  Viking  
  97  9:10  SCV x2  
  99  9:23  Widow Mine x2  
  103  9:31  Viking  
  106  9:38  SCV x2  
  106  9:39  Refinery  
  106  9:40  Planetary Fortress  
  107  9:50  SCV, Siege Tank  
  107  9:51  Thor  
  105  10:21  Hellion x2  
  105  10:23  Widow Mine  
  105  10:27  Terran Vehicle Weapons Level 2  
  105  10:28  Terran Vehicle And Ship Armor Level 1, Factory  
  109  10:29  Factory  
  109  10:48  SCV  
  110  10:50  Hellion x4  
  110  10:52  Command Center  
  118  10:59  Starport Reactor  
  116  11:11  Hellion, Thor  
  116  11:14  Supply Depot x2, Factory Tech Lab  
  116  11:15  Supply Depot, Factory Tech Lab  
  122  11:45  Thor  
  122  11:46  Siege Tank, Thor  
  137  11:53  Widow Mine x2  
  141  11:54  Siege Tank  
  138  12:14  Widow Mine  
  138  12:15  Widow Mine  
  142  12:18  Thor  
  142  12:21  Supply Depot  
  142  12:22  Supply Depot  
  148  12:24  Supply Depot x2  
  148  12:26  Siege Tank  
  148  12:27  Terran Vehicle And Ship Armor Level 2  
  148  12:29  Widow Mine  
  145  12:48  Hellion x3  
  145  12:50  Medivac, Viking  
  155  13:01  Planetary Fortress  
  155  13:14  Refinery x2  
  155  13:15  Thor  
  161  13:21  Hellbat  
  161  13:22  Hellbat x2  
  161  13:45  Medivac, Viking  
  107  14:23  Thor x2  
  107  14:24  Factory Tech Lab, Thor  
  125  14:28  Viking x2  
  131  14:31  Hellbat  
  131  14:32  Hellbat  
  133  14:40  Widow Mine  
  135  14:49  SCV x3  
  135  14:52  Hellbat  
  140  15:01  SCV, Thor  
  145  15:10  Barracks  
  109  15:42  Thor  
  99  15:43  Thor  
  99  15:44  Siege Tank, Thor  
  99  15:46  Hellbat x2  
  123  16:03  SCV  
  124  16:08  Command Center  
  122  16:15  SCV  
  120  16:38  Hellbat, Thor  
  130  16:40  Hellbat  
  132  17:01  Hellbat x2  
  134  17:10  Viking x2  
  136  17:33  Thor  
  142  17:40  Viking x2, Orbital Command  
  146  17:54  SCV  
  146  17:55  SCV  
  148  18:08  Sensor Tower  
  148  18:10  Viking  
  148  18:11  SCV  
  148  18:12  SCV  
  152  18:13  SCV  
  152  18:18  Thor  
  159  18:32  Viking  
  161  18:40  Viking  
  162  18:49  Hellbat x2  
  162  18:50  Thor  
  162  18:51  Siege Tank  
  161  19:02  Viking  
  175  19:08  Hellbat  
  179  19:10  Viking  
  179  19:13  Hellbat  
  183  19:26  Thor  
  187  19:50  Siege Tank, Thor  
  194  20:04  Viking  
  194  20:05  Viking  
Show
View Real Time Build Order
Export as new Build Order

MechaCaulk Zerg 

Build Orders: Hatch First, Brood Lord Corruptor 

Get SALT Encoding   

  12  0:08  Drone  
  13  0:18  Overlord  
  13  0:20  Drone  
  14  0:38  Drone x2  
  16  1:01  Hatchery  
  15  1:04  Drone x3  
  15  1:06  Extractor  
  17  1:19  Spawning Pool  
  17  1:20  Drone  
  17  1:30  Drone  
  18  1:45  Drone  
  19  2:09  Queen  
  19  2:10  Spine Crawler  
  19  2:14  Queen  
  22  2:16  Drone x3  
  22  2:22  Metabolic Boost  
  25  2:27  Zergling x2  
  26  2:38  Drone  
  27  2:46  Zergling x2  
  27  2:48  Extractor  
  27  2:49  Overlord  
  27  3:07  Queen  
  29  3:14  Baneling Nest  
  29  3:16  Drone x3  
  29  3:17  Drone  
  32  3:27  Zergling x6  
  32  3:31  Drone  
  35  3:39  Zergling x2  
  36  3:53  Overlord  
  36  3:54  Overlord  
  36  4:07  Lair  
  36  4:11  Queen  
  36  4:15  Spore Crawler  
  37  4:18  Spore Crawler  
  37  4:22  Drone x2  
  37  4:23  Drone  
  39  4:25  Drone  
  40  4:36  Drone x3  
  42  4:47  Queen  
  42  4:49  Zergling x4  
  42  4:50  Zergling x6  
  49  5:03  Overlord x2  
  49  5:23  Zergling x12  
  52  5:44  Zergling x2  
  52  5:45  Zergling x12  
  59  5:53  Drone  
  59  5:55  Overlord x2  
  57  6:14  Hatchery  
  50  6:27  Zergling x8  
  50  6:28  Zergling x4  
  50  6:31  Drone x3  
  59  6:56  Hydralisk Den  
  58  7:05  Drone, Extractor  
  58  7:06  Extractor, Drone x8  
  55  7:43  Zergling x4  
  55  7:44  Zergling x10  
  57  7:47  Hydralisk x3  
  65  8:02  Muscular Augments  
  65  8:04  Drone x2  
  65  8:05  Drone x2  
  69  8:24  Overlord x4  
  69  8:25  Overlord  
  66  8:43  Hatchery  
  64  8:53  Zergling x2  
  64  8:54  Hydralisk x4, Zergling x8  
  74  9:07  Hydralisk  
  74  9:08  Hydralisk  
  75  9:13  Grooved Spines  
  75  9:24  Drone  
  75  9:25  Drone x4  
  75  9:26  Infestation Pit  
  79  9:34  Overlord  
  79  9:47  Pneumatized Carapace  
  79  9:50  Zergling x10  
  79  9:51  Hydralisk x2, Zergling x10  
  79  9:52  Hydralisk x2  
  91  10:11  Hydralisk x5  
  101  10:14  Zergling x2  
  101  10:15  Zergling x8  
  101  10:20  Overseer x3  
  104  10:22  Drone x2  
  104  10:23  Drone x6  
  112  10:34  Extractor  
  111  10:35  Extractor  
  111  10:41  Spire  
  109  10:43  Hive  
  109  10:44  Drone x4  
  109  10:45  Drone x2  
  115  10:51  Drone x5  
  115  10:52  Drone  
  121  11:17  Zergling x4  
  121  11:18  Zergling x14  
  128  11:24  Hydralisk x2  
  130  11:44  Hydralisk x2  
  134  11:51  Overlord  
  134  11:52  Overlord x3  
  134  11:55  Greater Spire  
  134  11:58  Overlord x2  
  134  12:07  Drone  
  135  12:09  Overlord  
  135  12:10  Overlord  
  135  12:11  Overlord  
  135  12:12  Corruptor x8  
  135  12:13  Corruptor x2  
  151  13:09  Extractor  
  151  13:11  Brood Lord x3, Extractor  
  151  13:12  Brood Lord x4  
  163  13:14  Hydralisk x6  
  163  13:15  Hydralisk x3  
  163  13:17  Zergling x6  
  163  13:18  Zergling x12  
  181  13:44  Corruptor x4  
  189  13:55  Zergling x8  
  167  14:03  Hydralisk x5  
  167  14:04  Hydralisk x5  
  167  14:05  Hydralisk  
  161  14:10  Zergling x6  
  161  14:11  Zergling x6  
  160  14:25  Brood Lord x2  
  160  14:27  Zergling x6  
  167  14:37  Drone x4  
  161  14:40  Drone  
  162  14:46  Brood Lord  
  162  14:47  Hydralisk, Brood Lord  
  162  14:49  Zergling x2  
  162  14:50  Zergling x10  
  172  15:13  Hydralisk x2  
  172  15:14  Hydralisk x6  
  154  15:25  Hydralisk x4  
  123  15:37  Zergling x8  
  123  15:38  Zergling x8  
  115  15:44  Zergling x4  
  115  15:45  Zergling x16  
  115  15:46  Zergling x4  
  119  15:50  Corruptor  
  119  15:51  Corruptor  
  120  15:58  Hydralisk x2  
  114  16:15  Hydralisk  
  87  16:30  Brood Lord  
  87  16:31  Brood Lord  
  90  16:49  Corruptor x2  
  90  16:50  Hydralisk x5  
  103  17:13  Zergling x14  
  103  17:14  Zergling x2  
  103  17:15  Corruptor x4  
  119  17:26  Hatchery  
  115  17:40  Corruptor x4  
  123  17:48  Hydralisk  
  123  17:49  Hydralisk  
  123  17:50  Extractor  
  126  17:55  Brood Lord  
  126  17:57  Extractor  
  127  18:26  Brood Lord x3  
  127  18:27  Corruptor x2  
  133  18:28  Hydralisk  
  133  18:30  Drone  
  138  18:54  Hydralisk x7  
  152  19:06  Zergling x14  
  152  19:07  Zergling x2  
  160  19:23  Zergling x12  
  160  19:24  Zergling x6  
  153  20:06  Swarm Host x9  
  153  20:07  Swarm Host x4  
  175  20:14  Hydralisk  
  175  20:15  Hydralisk x4  
  121  20:34  Zergling x2  
  121  20:35  Zergling x14  
Tags
 
Add a new tag
Caveats
  • Supply blocks, unpowered buildings, or Contaminate may cause inaccurate times.
  • Supply counts are checked every 10 seconds.